 Dungeon Crawl Stone Soup version 0.28.0-45-g0d030f2227 (webtiles) character file.

Game seed: 8086607137079946750

86 protoss039 the Digger (level 4, 25/33 HPs)
             Began as a Demonspawn Earth Elementalist on May 30, 2022.
             Got out of the dungeon alive.
             The game lasted 00:01:36 (1865 turns).

protoss039 the Digger (DsEE)                        Turns: 1865, Time: 00:01:37

Health: 25/33      AC:  5    Str:  9    XL:     4   Next: 26%
Magic:  7/7        EV: 11    Int: 18    God:
Gold:   20         SH:  0    Dex: 13    Spells: 5/8 levels left

rFire   . . .      SeeInvis .   g - +0 short sword
rCold   . . .      Faith    .   (no shield)
rNeg    . . .      Spirit   .   d - +2 leather armour {Will+}
rPois   .          Reflect  .   (helmet restricted)
rElec   .          Harm     .   (no cloak)
rCorr   .          Rampage  .   (no gloves)
Will    +....                   (no boots)
Stlth   ++........              (no amulet)
HPRegen 0.11/turn               (no ring)
MPRegen 0.10/turn               (no ring)

@: no status effects
A: horns 1, foul stench 1
a: no special abilities


You escaped.
You visited 1 branch of the dungeon, and saw 2 of its levels.

You collected 20 gold pieces.

Inventory:

Hand Weapons
 g - a +0 short sword (weapon)
Missiles
 c - 40 stones
Armour
 d - a +2 leather armour of willpower (worn)
Scrolls
 a - 2 scrolls of identify {unknown}
Potions
 b - 2 potions of might {unknown}
 f - a potion of brilliance {unknown}


   Skills:
 * Level 2.3 Fighting
 + Level 1.3 Armour
 - Level 1.7 Dodging
 - Level 1.7 Stealth
 + Level 2.5 Spellcasting
 - Level 1.0 Transmutations
 + Level 3.1 Earth Magic


You had 5 spell levels left.
You knew the following spells:

 Your Spells              Type           Power      Damage    Failure   Level
a - Sandblast             Erth           26%        2d8       6%          1
b - Passwall              Tmut/Erth      7%         N/A       16%         2

Your spell library contained the following spells:

 Spells                   Type           Power      Damage    Failure   Level
 Stone Arrow              Conj/Erth      16%        3d8       36%         3
 Petrify                  Tmut/Erth      9%         N/A       69%         4


Dungeon Overview and Level Annotations

Branches:
Dungeon (2/15)

Altars:


Innate Abilities, Weirdness & Mutations

You have a pair of small horns on your head.
You may rarely emit foul miasma when damaged in melee.


Message History

The adder is heavily wounded.
You feel sick. The adder bites you but does no damage.
The kobold barely misses you.
You hit the adder.
The adder is severely wounded.
You feel sick.
You are no longer poisoned.
The adder bites you but does no damage. The kobold hits you but does no damage.
The adder barely misses you.
You hit the adder.
The adder is almost dead.
The kobold barely misses you. The adder bites you but does no damage.
You closely miss the adder.
The adder is almost dead.
The adder bites you but does no damage. The kobold hits you but does no damage.
You hit the adder.
You kill the adder!
The kobold hits you with a +0 dagger.
You closely miss the kobold. The kobold closely misses you.
You hit the kobold.
You kill the kobold!
No target in view!
No target in view!
No target in view!
No target in view!
No target in view!
No target in view!
No target in view!
No target in view!
No target in view!
No target in view!
No target in view!
No target in view!
Unknown command.
There is a stone staircase leading up here.
You climb upwards.
There is a stone staircase leading down here.
There is a staircase leading out of the dungeon here.
Are you sure you want to leave the Dungeon?
This will make you lose the game!
You have escaped!

#.#.......................#.#
#.#.#..###.##.#..#.###..#.#.#
#.#.##.#...##.#.###..#.##.#.#
#.#..#........#........#..#.#
#.##...######.#.######...##.#
#..##...## #...# ##...##..#
##..##...## ##### ##...##..##
##..##...###...###...##..####
##..##...#..@..#...##......#
##..##...........##.......#
##..##....#...###..#.....#
##..##########...##.....#
#######
##.......##...####.....#
......# ####.........#
#.....# ......# #.........#
#.....# ......# #.........#
#.....# ......# #.....)...#
#######


There were no monsters in sight!

Vanquished Creatures
  Natasha (twice) (D:2)
  An adder (D:2)
  A dart slug (D:1)
  3 ball pythons (D:1)
  An endoplasm (D:1)
  2 giant cockroaches (D:1)
  3 goblins (D:1)
  2 kobolds
  5 quokkas (D:1)
  2 frilled lizards (D:1)
  3 rats
25 creatures vanquished.

Notes
Turn   | Place    | Note
-------+----------+-------------------------------------------
     0 | D:1      | protoss039 the Demonspawn Earth Elementalist began the
                  | quest for the Orb.
     0 | D:1      | Reached XP level 1. HP: 13/13 MP: 3/3
   366 | D:1      | Reached skill level 1 in Transmutations
   874 | D:1      | Gained mutation: You may rarely emit foul miasma when
                  | damaged in melee. [demonic ancestry]
   874 | D:1      | Reached XP level 2. HP: 20/20 MP: 5/5
  1098 | D:1      | Reached skill level 1 in Fighting
  1508 | D:1      | Found a faded altar of an unknown god.
  1720 | D:1      | Learned a level 2 spell: Passwall
  1721 | D:2      | Noticed Natasha
  1729 | D:2      | Killed Natasha
  1730 | D:2      | Reached skill level 1 in Armour
  1730 | D:2      | Reached skill level 3 in Earth Magic
  1730 | D:2      | Reached XP level 3. HP: 25/27 MP: 2/6
  1777 | D:2      | Noticed Natasha
  1783 | D:2      | Killed Natasha
  1784 | D:2      | Gained mutation: You have a pair of small horns on your
                  | head. [demonic ancestry]
  1784 | D:2      | Reached XP level 4. HP: 33/33 MP: 3/7
  1865 | D:$      | Got out of the dungeon alive.

Illustrated notes

Levels and vault maps discovered:
D:1:      dpeg_chamrin_arrival_tetris, layout_basic,
          hellmonk_ecumenical_altar_inner_sanctum
D:2:      layout_loops_ring, hangedman_decor_clover_reticule, uniq_sigmund,
          uniq_natasha

Skill      XL: |  1  2  3 |
---------------+----------+-----
Transmutations | 1 |  1.0
Fighting       | 1 2 |  2.3
Armour         | 1 |  1.3
Earth Magic    | 3 |  3.1
Dodging        | |  1.7
Stealth        | |  1.7
Spellcasting   | |  2.5

Action                   |  1- 3 |  4- 6 || total
-------------------------+-------+-------++-------
Melee: Unarmed           |    22 |       ||    22
       Mace              |    23 |       ||    23
       Punch             |     1 |       ||     1
       Short sword       |    29 |    24 ||    53
       Headbutt          |       |     1 ||     1
 Cast: Sandblast         |    12 |       ||    12
 Stab: Sleeping          |     3 |       ||     3
Armor: Leather armour    |    28 |    15 ||    43
       Robe              |     1 |       ||     1
Dodge: Dodged            |    43 |    15 ||    58
